 Dungeon Crawl Stone Soup version 0.29.1-1-gd02db6906a (webtiles) character file.

Game seed: 8162547984190968070

18 vvl the Stinger (level 2, 0/20 HPs)
             Began as a Demonspawn Venom Mage on Oct 6, 2022.
             Slain by Sigmund
             ... wielding a +0 scythe
              (8 damage)
             ... on level 2 of the Dungeon.
             The game lasted 00:01:30 (1479 turns).

vvl the Stinger (Demonspawn Venom Mage)             Turns: 1479, Time: 00:01:31

Health: 0/20       AC:  5    Str:  8    XL:     2   Next: 48%
Magic:  2/5        EV: 10    Int: 16    God:
Gold:   54         SH:  0    Dex: 13    Spells: 4/5 levels left

rFire   . . .      SeeInvis .   d - +0 short sword
rCold   . . .      Faith    .   (no shield)
rNeg    . . .      Spirit   .   e - +0 ring mail
rPois   .          Reflect  .   (helmet restricted)
rElec   .          Harm     .   (no cloak)
rCorr   .          Rampage  .   (no gloves)
Will    .....                   (no boots)
Stlth   ..........              (no amulet)
HPRegen 0.06/turn               (no ring)
MPRegen 0.09/turn               (no ring)

@: confused
A: horns 1
a: no special abilities


You were on level 2 of the Dungeon.
You visited 1 branch of the dungeon, and saw 2 of its levels.

You collected 54 gold pieces.

Inventory:

Hand Weapons
 d - a +0 short sword (weapon)
Armour
 e - a +0 ring mail (worn)
Scrolls
 a - a scroll of amnesia {unknown}
 f - a scroll of identify {unknown}
Potions
 b - a potion of magic
 c - a potion of resistance {unknown}
 g - a potion of heal wounds {unknown}
 h - 2 potions of cancellation {unknown}
 i - a potion of curing {unknown}
 j - 2 potions of lignification {unknown}


   Skills:
 + Level 0.5 Fighting
 + Level 1.9 Dodging
 - Level 2.0 Stealth
 + Level 2.1 Spellcasting
 + Level 1.1 Transmutations
 * Level 3.3 Poison Magic


You had 4 spell levels left.
You knew the following spells:

 Your Spells              Type           Power      Damage    Failure   Level
a - Sting                 Tmut/Pois      32%        1d4       26%         1

Your spell library contained the following spells:

 Spells                   Type           Power      Damage    Failure   Level
 Poisonous Vapours        Pois/Air       14%        N/A       43%         2
 Ignite Poison            Fire/Tmut/Pois 6%         N/A       71%         3
 Mephitic Cloud           Conj/Pois/Air  5%         N/A       77%         3
 Olgreb's Toxic Radiance  Pois           12%        N/A       85%         4
 Conjure Flame            Conj/Fire      1%         6-21      88%         3
 Sticky Flame             Conj/Fire      1%         2d3       99%         4


Dungeon Overview and Level Annotations

Branches:
Dungeon (2/15)

Altars:

Annotations:
D:2 Sigmund


Innate Abilities, Weirdness & Mutations

You have a pair of small horns on your head.


Message History

You miscast Sting.
Nothing appears to happen.
The hobgoblin barely misses you.
The sting hits the hobgoblin but does no damage.
The hobgoblin looks even sicker.
The hobgoblin is moderately wounded.
The hobgoblin misses you.
The sting hits the hobgoblin.
The hobgoblin looks even sicker.
The hobgoblin is severely wounded.
You kill the hobgoblin!
Your magical contamination has completely faded away.
Found 5 datura-tipped darts.
You see here 5 datura-tipped darts.
Found a stone staircase leading down.
Sigmund and a giant cockroach come into view.
Found a stone staircase leading down.
The sting hits Sigmund.
Sigmund is poisoned.
Sigmund is lightly wounded.
Sigmund shouts!
The sting hits Sigmund.
Sigmund looks even sicker.
Sigmund is lightly wounded.
Sigmund closely misses you.
The sting hits Sigmund but does no damage.
Sigmund looks even sicker.
Sigmund is moderately wounded.
The sting hits Sigmund but does no damage.
Sigmund looks as sick as possible!
Sigmund is moderately wounded.
Sigmund mumbles some strange words.
Sigmund flickers and vanishes!
Deactivating autopickup; reactivate with Ctrl-A.
You hear some strange, mumbled words.
You are confused.
You bump into the rock wall.
A puff of flame appears from out of thin air!
The puff of flame hits you.
You bump into the rock wall.
A magic dart appears from out of thin air!
The magic dart hits you.
You bump into the rock wall.
Something hits you!
You die...

.#.#... #.##.#
.#
#######.##.###
.#
#............#
.#
.#####.##.#.#
## #.##.#.#
#(##.#.#
#..#.#.#
##.#.#.#
#@#.#.#
#.#.#.#
#B#.#.#
#.....#
..>.........#
#...........#
#..####.....#
#. ....>##
######


You could see a giant cockroach.

Vanquished Creatures
  3 ball pythons (D:1)
  3 goblins
  4 hobgoblins
  A quokka (D:1)
  2 bats (D:1)
  2 frilled lizards (D:1)
  A rat (D:1)
16 creatures vanquished.

Notes
Turn   | Place    | Note
-------+----------+-------------------------------------------
     0 | D:1      | vvl the Demonspawn Venom Mage began the quest for the Orb.
     0 | D:1      | Reached XP level 1. HP: 13/13 MP: 3/3
   406 | D:1      | Reached skill level 1 in Transmutations
   800 | D:1      | Discovered your monstrous ancestry.
   800 | D:1      | Gained mutation: You have a pair of small horns on your
                  | head. [demonic ancestry]
   800 | D:1      | Reached XP level 2. HP: 19/19 MP: 0/5
  1467 | D:2      | Noticed Sigmund
  1479 | D:2      | Slain by Sigmund

Illustrated notes

Levels and vault maps discovered:
D:1:      giann_forest_graveyard, layout_basic
D:2:      layout_loops_ring, minmay_hedge_maze, moated_statue,
          minmay_fractal_squares_gapless_5, uniq_sigmund

Skill      XL: |  1  2 |
---------------+-------+-----
Transmutations | 1 |  1.1
Stealth        | 2 |  2.0
Fighting       | |  0.5
Dodging        | |  1.9
Spellcasting   | |  2.1
Poison Magic   | |  3.3

Action                   || total
-------------------------++-------
Melee: Short sword       ||    17
 Cast: Sting             ||    28
Armor: Ring mail         ||     8
       Robe              ||     1
Dodge: Dodged            ||    22
